 Dungeon Crawl Stone Soup version 0.22.1-2-g9c5b331 (webtiles) character file.

11487 Heatsaber the Fighter (level 11, -7/63 HPs)
             Began as a Vine Stalker Ice Elementalist on Dec 24, 2018.
             Was a Follower of Kikubaaqudgha.
             Mangled by a komodo dragon (9 damage)
             ... on level 2 of the Lair of Beasts on Dec 28, 2018.
             The game lasted 02:29:35 (12338 turns).

Heatsaber the Fighter (VSIE)                       Turns: 12338, Time: 02:29:36

Health: -7/63      AC:  7    Str: 10    XL:     11   Next: 78%
Magic:  0/23       EV:  2    Int: 18    God:    Kikubaaqudgha [*.....]
Gold:   1756       SH:  0    Dex: 20    Spells: 7/25 levels left

rFire    x . .     SeeInvis .   d - +2 scimitar "Neloq" {drain, Dex+4 Stlth+}
rCold    + . .     Gourm    .   J - +0 buckler
rNeg     + + +     Faith    .   z - +0 leather armour {rPois}
rPois    ∞         Spirit   +   G - +2 hat
rElec    .         Reflect  .   (no cloak)
rCorr    .         Harm     .   q - +0 pair of gloves
MR       +....                  g - +0 pair of boots
Stlth    +++.......             (no amulet)
HPRegen  0.60/turn              n - +6 ring of evasion
MPRegen  0.18/turn              Q - ring of ice

@: petrified
A: fangs 3, regeneration 1, magic shield, antimagic bite, no potion heal 3, rot
immunity
a: Receive Corpses, Renounce Religion


You were on level 2 of the Lair of Beasts.
You worshipped Kikubaaqudgha.
Kikubaaqudgha was aware of your devotion.
You were hungry.

You visited 3 branches of the dungeon, and saw 12 of its levels.
You also visited: Bailey.

You collected 1756 gold pieces.

Inventory:

Hand Weapons
 b - the +10 whip of Capital Punishment {freeze, +Rage Str+2}
   (You found it in a bailey)

   It has been specially enchanted to freeze those struck by it, causing extra
   injury to most foes and up to half again as much damage against particularly
   susceptible opponents.
   It can also slow down cold-blooded creatures.
   It affects your strength (+2).
   It lets you go berserk.
 d - the +2 scimitar "Neloq" (weapon) {drain, Dex+4 Stlth+}
   (You found it on level 1 of the Lair of Beasts)

   A truly terrible weapon, it drains the life of those it strikes.
   It affects your dexterity (+4).
   It makes you more stealthy.
 t - a +0 short sword of electrocution
 A - the +3 mace "Aloirph" {venom, +Inv}
   (You found it on level 5 of the Dungeon)

   It poisons the flesh of those it strikes.
   It lets you turn invisible.
 B - a +0 long sword
 E - a +1 dagger of holy wrath
 I - a +0 dagger of chaos
 M - a +1 short sword of speed
 O - a cursed -2 rapier
 S - a +0 dagger
Missiles
 o - 65 poisoned needles
Armour
 g - a +0 pair of boots (worn)
 h - a +0 ring mail
 q - a +0 pair of gloves (worn)
 z - a +0 leather armour of poison resistance (worn)
 G - a +2 hat (worn)
 J - a +0 buckler (worn)
Magical Staves
 a - an uncursed staff of conjuration
 c - an uncursed staff of death
Jewellery
 n - a +6 ring of evasion (left hand)
 s - a +6 ring of dexterity
 Q - a ring of ice (right hand)
 V - an uncursed ring of protection from fire
Wands
 m - a wand of iceblast (9)
 r - a wand of random effects (51)
 v - a wand of enslavement (9)
 L - a wand of digging (17)
 R - a wand of disintegration (12)
Scrolls
 e - 8 scrolls of amnesia
 i - 6 scrolls of enchant weapon
 u - 2 scrolls of blinking
 w - a scroll of immolation
 y - 4 scrolls of enchant armour
 C - 7 scrolls of teleportation
 K - 2 scrolls of acquirement
Potions
 f - 5 potions of flight
 j - 2 potions of curing
 k - 2 potions of agility
 l - 5 potions of might
 p - a potion of magic
 x - 2 potions of berserk rage
 D - a potion of ambrosia {unknown}
 F - 2 potions of brilliance {unknown}
 H - a potion of invisibility {unknown}
 N - a potion of lignification {unknown}
Miscellaneous
 P - a sack of spiders
 U - a lightning rod (4/4)
Comestibles
 T - 18 rations
 W - a chunk of flesh


   Skills:
 + Level 9.7 Fighting
 + Level 6.3 Short Blades
 + Level 4.3 Dodging
 - Level 2.4 Stealth
 - Level 4.0 Shields
 + Level 7.9 Spellcasting
 - Level 5.0 Conjurations
 - Level 3.3 Summonings
 + Level 3.1 Necromancy
 - Level 6.0 Ice Magic


You had 7 spell levels left.
You knew the following spells:

 Your Spells              Type           Power        Failure   Level  Hunger
a - Freeze                Ice            ####         1%          1    None
b - Throw Frost           Conj/Ice       #####.       2%          2    None
c - Ozocubu's Armour      Chrm/Ice       ####....     12%         3    #......
d - Throw Icicle          Conj/Ice       #####...     14%         4    ###....
e - Summon Ice Beast      Ice/Summ       #####...     21%         4    ###....
f - Regeneration          Chrm/Necr      ##........   22%         3    #......
g - Animate Skeleton      Necr           N/A          3%          1    None

Your spell library contained the following spells:

 Spells                   Type           Power        Failure   Level  Hunger
 Pain                     Necr           ###.         3%          1    None
 Sublimation of Blood     Necr           ###.......   5%          2    None


Dungeon Overview and Level Annotations

Branches:
Dungeon (9/15)             Temple (1/1) D:5            Lair (2/6) D:9
  Swamp: Lair:2-4    Shoals: Lair:2-4     Snake: Lair:2-4    Spider: Lair:2-4
    Orc: D:9-12

Altars:
Ashenzari
Cheibriados
Dithmenos
Elyvilon
Fedhas
Gozag
Hepliaklqana
Kikubaaqudgha
Makhleb
Nemelex Xobeh
Okawaru
Qazlal
Ru
Sif Muna
Trog
Uskayaw
Vehumet
Wu Jian
Xom
Yredelemnul
Zin
The Shining One

Shops:
D:4 =

Annotations:
D:6 exclusion: oklob plant


Innate Abilities, Weirdness & Mutations

You have razor-sharp teeth.
Your natural rate of healing is unusually fast.
When hurt, damage is shared between your health and your magic reserves.
Your bite disrupts and absorbs the magic of your enemies.
Potions cannot restore your health.
You are immune to rotting.


Message History

Your spiny frog skeleton hits the komodo dragon!
A dream sheep comes into view.
Your ice beast disappears in a puff of smoke!
The komodo dragon bites you!!
* * * LOW HITPOINT WARNING * * *
Your spiny frog skeleton hits the komodo dragon!
The dream sheep bites your spiny frog skeleton!
Your spiny frog skeleton hits the komodo dragon.
The dream sheep bites your spiny frog skeleton.
The komodo dragon bites you.
* * * LOW HITPOINT WARNING * * *
Your spiny frog skeleton closely misses the dream sheep.
The dream sheep bites your spiny frog skeleton!
Your spiny frog skeleton is destroyed!
The komodo dragon bites you!!
* * * LOW HITPOINT WARNING * * *
The komodo dragon is no longer moving slowly.
The komodo dragon bites you!!
You die...
Kikubaaqudgha rasps: "You have failed me!
Welcome... oblivion!"

#P.......#..........
#P.......#..........
#P..................
##..##≈..#..........
#..###.............
#..# #..#..........
#..###......(......
#..≈##..#...#....##
##@...............#
#l...?..#.........#
#.PY#....#.........#
#?..########........#
#.!# .#........ ###
#......... ..........
..#....... ..##......


You could see a komodo dragon and a dream sheep.

Vanquished Creatures
  3 two-headed ogres (D:8)
  4 spiny frogs
  2 komodo dragons (Lair:1)
  Grinder (D:5)
  Prince Ribbit (D:5)
  A hippogriff (D:7)
  A spriggan (D:7)
  Eustachio (D:4)
  3 yaks (D:9)
  A basilisk (Lair:1)
  Menkaure (D:5)
  2 water moccasins
  3 porcupines
  4 sky beasts
  3 orc warriors
  4 ogres
  A phantom (D:5)
  4 centaurs
  5 crocodiles
  A big kobold (D:8)
  6 bullfrogs
  A gnoll sergeant (D:5)
  A water moccasin zombie (D:5)
  5 killer bees (D:9)
  An electric eel (D:8)
  6 howler monkeys
  A crimson imp (D:7)
  2 centaur zombies
  A quasit (D:4)
  3 hounds
  2 jellies (D:7)
  A bullfrog zombie (D:5)
  3 centaur skeletons
  6 orc priests
  4 bullfrog skeletons
  A gnoll shaman (D:8)
  2 orc wizards
  4 worker ants
  A hell rat (Lair:1)
  A hound zombie (D:5)
  2 hound skeletons (D:6)
  A howler monkey zombie (D:5)
  11 gnolls
  8 river rats
  15 adders
  A shadow imp (D:6)
  3 oozes
  An adder skeleton (D:7)
  An adder zombie (D:8)
  6 worms
  3 dart slugs
  6 leopard geckos
  36 orcs
  11 bats
  12 giant cockroaches
  8 goblins
  7 hobgoblins
  15 jackals
  4 quokkas
  2 ball pythons
  3 frilled lizards
  A jackal skeleton (D:4)
  A jackal zombie (D:5)
  13 kobolds
  3 quokka skeletons
  2 quokka zombies
  11 rats
285 creatures vanquished.

Vanquished Creatures (collateral kills)
  Harold (Lair:1)
  A komodo dragon (Lair:2)
  A dream sheep (Lair:2)
  2 yaks (Lair:2)
  2 basilisks
  A hungry ghost (D:7)
  A porcupine (Lair:2)
  4 orc warriors
  2 ogres
  A crocodile (Lair:1)
  A bullfrog (Lair:1)
  A wyvern zombie (D:7)
  A killer bee (D:9)
  A howler monkey (D:7)
  2 crimson imps
  A hound (D:5)
  An orc priest (D:7)
  2 jellies
  3 orc wizards
  A hell rat (Lair:1)
  2 gnolls
  9 orcs
  A hobgoblin (Bailey)
  8 kobolds (Bailey)
  A quokka skeleton (D:5)
51 creatures vanquished.

Vanquished Creatures (others)
  3 plants (D:9)
3 creatures vanquished.

Grand Total: 339 creatures vanquished

Notes
Turn   | Place    | Note
-------+----------+-------------------------------------------
     0 | D:1      | Heatsaber the Vine Stalker Ice Elementalist began the quest
                  | for the Orb.
     0 | D:1      | Reached XP level 1. HP: 9/9 MP: 4/4
   152 | D:1      | Reached XP level 2. HP: 13/14 MP: 3/6
   156 | D:1      | Learned a level 2 spell: Throw Frost
   413 | D:1      | Reached skill level 1 in Fighting
   690 | D:1      | Reached XP level 3. HP: 13/18 MP: 0/8
   695 | D:1      | Learned a level 3 spell: Ozocubu's Armour
  1864 | D:2      | Found an ancient bone altar of Kikubaaqudgha.
  2024 | D:2      | Gained mutation: Your natural rate of healing is unusually
                  | fast. [Vine Stalker growth]
  2024 | D:2      | Reached XP level 4. HP: 22/22 MP: 6/9
  2803 | D:3      | Reached skill level 2 in Fighting
  2866 | D:3      | Reached XP level 5. HP: 26/26 MP: 4/11
  2881 | D:3      | Learned a level 4 spell: Throw Icicle
  4068 | D:4      | Reached XP level 6. HP: 24/32 MP: 1/13
  4186 | D:4      | Found Myuxut's Jewellery Boutique.
  4397 | D:4      | Reached skill level 3 in Fighting
  4770 | D:4      | Noticed Eustachio
  4853 | D:4      | Killed Eustachio
  4853 | D:4      | Reached skill level 5 in Ice Magic
  4853 | D:4      | Reached XP level 7. HP: 37/37 MP: 12/15
  4942 | D:5      | Entered Level 5 of the Dungeon
  4965 | D:5      | Noticed Prince Ribbit
  5071 | D:5      | Learned a level 4 spell: Summon Ice Beast
  5098 | D:5      | Killed Prince Ribbit
  5098 | D:5      | Reached skill level 4 in Fighting
  5098 | D:5      | Reached skill level 5 in Spellcasting
  5213 | D:5      | Gained mutation: You have razor-sharp teeth. [Vine Stalker
                  | growth]
  5213 | D:5      | Reached XP level 8. HP: 29/42 MP: 2/17
  5322 | D:5      | Noticed a moth of wrath
  5325 | D:5      | Found a bloodstained altar of Trog.
  5505 | D:5      | Got a faintly glowing mace
  5506 | D:5      | Identified the +3 mace "Aloirph" {venom, +Inv} (You found
                  | it on level 5 of the Dungeon)
  5519 | D:5      | Noticed Menkaure
  5630 | D:5      | Killed Menkaure
  5630 | D:5      | Reached skill level 1 in Summonings
  5672 | D:5      | Reached skill level 5 in Fighting
  5932 | D:5      | Noticed Grinder
  5950 | D:5      | Killed Grinder
  6046 | D:5      | Found a staircase to the Ecumenical Temple.
  6059 | D:5      | Reached XP level 9. HP: 45/48 MP: 15/18
  6101 | Temple   | Entered the Ecumenical Temple
  6511 | D:6      | Found a glowing silver altar of Zin.
  6519 | D:6      | Noticed an oklob plant
  6678 | D:6      | Reached skill level 6 in Fighting
  7663 | D:7      | Reached skill level 5 in Conjurations
  7789 | D:7      | Found a shimmering altar of Xom.
  7790 | D:7      | Found a burning altar of Makhleb.
  7886 | D:7      | Reached skill level 1 in Shields
  8004 | D:7      | Reached skill level 7 in Fighting
  8086 | D:7      | Reached XP level 10. HP: 55/55 MP: 1/21
  8330 | D:8      | Noticed a two-headed ogre
  8338 | D:8      | Killed a two-headed ogre
  8338 | D:8      | Reached skill level 1 in Short Blades
  8453 | D:8      | Found a flagged portal.
  8472 | Bailey   | Entered a bailey
  8609 | Bailey   | Found a bloodstained altar of Trog.
  8618 | Bailey   | Got a warped whip
  8627 | Bailey   | Identified the +10 whip of Capital Punishment {freeze,
                  | +Rage Str+2} (You found it in a bailey)
  9157 | D:8      | Reached skill level 8 in Fighting
  9172 | D:8      | Noticed a two-headed ogre
  9197 | D:8      | Killed a two-headed ogre
  9258 | D:8      | Found an iron altar of Okawaru.
  9414 | D:8      | Noticed a two-headed ogre
  9457 | D:8      | Killed a two-headed ogre
  9762 | D:8      | Found a stormy altar of Qazlal.
  9919 | D:2      | Became a worshipper of Kikubaaqudgha
 10070 | D:9      | Reached XP level 11. HP: 54/60 MP: 22/22
 10082 | D:9      | Reached skill level 5 in Short Blades
 10141 | D:9      | Reached skill level 9 in Fighting
 10521 | D:9      | Found a glowing silver altar of Zin.
 10521 | D:9      | Found a deep blue altar of Sif Muna.
 10522 | D:9      | Found a white marble altar of Elyvilon.
 10769 | D:9      | Found a staircase to the Lair.
 10788 | Lair:1   | Entered Level 1 of the Lair of Beasts
 10824 | Lair:1   | Reached skill level 1 in Necromancy
 10874 | Lair:1   | Identified 2 scrolls of acquirement
 11648 | Lair:1   | Noticed Harold
 11671 | Lair:1   | Killed Harold
 11717 | Lair:1   | Got a bloodstained scimitar
 11718 | Lair:1   | Identified the +2 scimitar "Neloq" {drain, Dex+4 Stlth+}
                  | (You found it on level 1 of the Lair of Beasts)
 12248 | Lair:2   | Reached * piety under Kikubaaqudgha
 12248 | Lair:2   | Identified Kikubaaqudgha's Disquisition on Stolen Souls
                  | (Kikubaaqudgha gifted it to you on level 2 of the Lair of
                  | Beasts)
 12248 | Lair:2   | Received a gift from Kikubaaqudgha
 12256 | Lair:2   | Learned a level 3 spell: Regeneration
 12258 | Lair:2   | Learned a level 1 spell: Animate Skeleton
 12337 | Lair:2   | HP: 1/63 [komodo dragon (12)]
 12338 | Lair:2   | Mangled by a komodo dragon

Skill      XL: |  1  2  3  4  5  6  7  8  9 10 11 |
---------------+----------------------------------+-----
Fighting       | 1 2 3 4 5 7 8 9 |  9.7
Spellcasting   | 3 4 5 6 7 |  7.9
Ice Magic      | 4 5 6 |  6.0
Summonings     | 3 |  3.3
Conjurations   | 3 5 |  5.0
Dodging        | 3 4 |  4.3
Shields        | 2 4 |  4.0
Short Blades   | 4 6 |  6.3
Necromancy     | 3 |  3.1
Stealth        | |  2.4

Action                   |  1- 3 |  4- 6 |  7- 9 | 10-12 || total
-------------------------+-------+-------+-------+-------++-------
Melee: Unarmed           |     4 |       |       |       ||     4
       Bite              |    18 |    54 |   101 |   104 ||   277
       Dagger            |    97 |   224 |    42 |    23 ||   386
       Mace              |       |       |   219 |    19 ||   238
       Whip              |       |       |       |   196 ||   196
       Short sword       |       |       |       |    25 ||    25
       Staff             |       |       |       |    22 ||    22
       Scimitar          |       |       |       |     7 ||     7
 Cast: Freeze            |    16 |    74 |    15 |     2 ||   107
       Throw Frost       |    17 |    38 |    35 |    48 ||   138
       Throw Icicle      |       |     6 |    18 |    45 ||    69
       Summon Ice Beast  |       |       |    22 |    44 ||    66
       Ozocubu's Armour  |       |       |     4 |     3 ||     7
       Animate Skeleton  |       |       |       |     1 ||     1
Evoke: Wand              |       |       |       |     3 ||     3
  Use: Scroll            |     4 |    11 |     4 |     9 ||    28
 Stab: Sleeping          |     3 |     1 |     6 |     2 ||    12
       Distracted        |       |       |     1 |     4 ||     5
  Eat: Chunk             |     5 |    12 |    17 |    24 ||    58
       Ration            |       |       |     1 |     1 ||     2
Armor: Robe              |     5 |    37 |       |       ||    42
       Ring mail         |    36 |    18 |       |       ||    54
       Leather armour    |       |     9 |    70 |    41 ||   120
Dodge: Dodged            |    67 |   248 |   294 |   234 ||   843
Block: Buckler           |       |       |    12 |    85 ||    97
       Rpst.: Scimitar   |       |       |       |     2 ||     2
